 Dungeon Crawl Stone Soup version 0.30-b1-2-g02819fbbbe (webtiles) character file.

Game seed: 16792317377452724193

1640 ardi the Shooter (level 9, -1/61 HPs)
             Began as a Human Fighter on Jan 5, 2024.
             Was a Follower of Hepliaklqana.
             Succumbed to Phaedo's ghost's poison
             ... on level 5 of the Dungeon.
             The game lasted 01:04:10 (5824 turns).

ardi the Shooter (Human Fighter)                    Turns: 5824, Time: 01:04:11

Health: -1/61      AC: 10    Str: 16    XL:     9   Next: 18%
Magic:  9/9        EV: 14    Int: 15    God:    Hepliaklqana [*.....]
Gold:   286        SH:  5    Dex: 13    Spells: 5/8 levels left

rFire   . . .        v - +3 flail (heavy)
rCold   . . .        c - +0 buckler
rNeg    . . .        b - +1 scale mail
rPois   .            h - +0 hat of the Little Devil {Int+2}
rElec   .            q - +0 cloak
rCorr   .            j - +0 pair of gloves
SInv    .            (no boots)
Will    .....        E - amulet of the acrobat
Stlth   x              - +5 ring of evasion
HPRegen 0.30/turn    (no ring)
MPRegen 0.11/turn

%: random rage (3%), acrobat
@: lethally poisoned (-1 -> -13), on berserk cooldown, attractive, slowed, very
slow
A: reduced essence, antennae 1, talons 1, berserk 1
a: Renounce Religion, Recall Ancestor, Ancestor Identity


You were on level 5 of the Dungeon.
You worshipped Hepliaklqana.
Hepliaklqana was aware of your devotion.
You visited 2 branches of the dungeon, and saw 6 of its levels.

You collected 286 gold pieces.

Inventory:

Hand Weapons
 f - a +4 sling
 v - a +3 heavy flail (weapon)
 B - a +4 quarterstaff of chaos
 C - the +6 hammer "Dewn" {speed, *Slow rF+ rC+ rN++}
   (You found it on level 4 of the Dungeon)

   rF:        It protects you from fire.
   rC:        It protects you from cold.
   rN:        It greatly protects you from negative energy.
   *Slow:     It may slow you when you take damage.
 H - the +4 war axe "Transmigrator" {heavy, rPois rN+}
   (You found it on level 5 of the Dungeon)

   rPois:     It protects you from poison.
   rN:        It protects you from negative energy.
Missiles
 e - 58 stones (quivered)
 g - 4 boomerangs of dispersal
 l - 9 poisoned darts
 p - 9 boomerangs
 z - 3 javelins
Armour
 b - a +1 scale mail (worn)
 c - a +0 buckler (worn)
 h - the +0 hat of the Little Devil (worn) {Int+2}
   (You acquired it on level 5 of the Dungeon)

   Int:       It affects your intelligence (+2).
 j - a +0 pair of gloves (worn)
 q - a +0 cloak (worn)
 u - a +1 helmet
 F - a +1 helmet of see invisible
Jewellery
 a - an amulet of guardian spirit
 n - a ring of fire
 t - the ring of Man Jyt {Ice rPois Str+6 Int-4 Dex+3}
   (You found it on level 2 of the Dungeon)

   [ring of ice]

   It enhances your ice magic.
   Str:       It affects your strength (+6).
   Int:       It affects your intelligence (-4).
   Dex:       It affects your dexterity (+3).
   rF:        It makes you vulnerable to fire.
   rC:        It protects you from cold.
   rPois:     It protects you from poison.
 x - a +5 ring of evasion (left hand)
 E - an amulet of the acrobat (around neck)
Wands
 o - a wand of polymorph (5)
Scrolls
 k - a scroll of enchant armour
 m - 2 scrolls of teleportation
 s - a scroll of enchant weapon
 y - a scroll of torment
 A - 2 scrolls of noise
Potions
 d - a potion of might
 i - a potion of degeneration
 r - a potion of mutation
 w - a potion of heal wounds {unknown}
 D - 3 potions of brilliance


   Skills:
 + Level 5.0 Fighting
 + Level 3.0 Long Blades
 + Level 3.3 Maces & Flails
 + Level 7.1 Ranged Weapons
 + Level 5.3 Armour
 + Level 1.4 Dodging
 + Level 1.1 Stealth
 + Level 3.8 Shields
 + Level 1.0 Invocations
 + Level 0.3 Evocations


You had 5 spell levels left.
You knew the following spells:

 Your Spells              Type           Power      Damage    Failure   Level
a - Call Canine Familiar  Summ           0%         N/A       98%         3

Your spell library contained the following spells:

 Spells                   Type           Power      Damage    Failure   Level
 Portal Projectile        Hex/Tloc       0%         N/A       98%         3
 Tukima's Dance           Hex            0%         N/A       98%         3
 Leda's Liquefaction      Hex/Erth       0%         N/A       100%        4
 Blade Hands              Tmut           0%         N/A       100%        5


Dungeon Overview and Level Annotations

Branches:
Dungeon (5/15)             Temple (1/1) D:4

Altars:
Elyvilon
Fedhas
Gozag
Hepliaklqana
Kikubaaqudgha
Makhleb
Nemelex Xobeh
Okawaru
Qazlal
Ru
Sif Muna
Uskayaw
Vehumet
Wu Jian
Zin
The Shining One

Shops:
D:2 ::

Annotations:
D:5 Phaedo's ghost, novice AtWr; xelsha's ghost, novice OpEE


Innate Abilities, Weirdness & Mutations

Your life essence is reduced to manifest your ancestor. (-10% HP)
You have a pair of small antennae on your head.
You have sharp toenails.
You sometimes lose your temper in combat.


Message History

Your experience leads to an increase in your attributes!
Your base attributes are Str 16, Int 11, Dex 13.
Increase (S)trength, (I)ntelligence, or (D)exterity?
You feel clever. x2
Xochitl remembers more of her old skill.
You sock xelsha's ghost! Your kick misses xelsha's ghost.
Xelsha's ghost is severely damaged.
You feel very sick.
Phaedo's ghost hits you but does no damage.
Xelsha's ghost hits you but does no damage.
Xochitl closely misses xelsha's ghost.
Xelsha's ghost stares at you and mumbles some strange words.
You block the blast of sand. Phaedo's ghost hits you!
You are more poisoned.
You miss xelsha's ghost. Your kick misses xelsha's ghost.
Xelsha's ghost is severely damaged.
You feel very sick.
Xochitl barely misses xelsha's ghost.
Phaedo's ghost hits you.
* * * LOW HITPOINT WARNING * * *
You are more poisoned.
Xelsha's ghost casts a spell at you. The blast of sand hits you!
* * * LOW HITPOINT WARNING * * *
Okay, then.
You are too berserk!
You are too berserk!
* * * LOW HITPOINT WARNING * * *
You feel very sick.
Xochitl closely misses xelsha's ghost.
You feel a strong urge to attack something.
* * * LOW HITPOINT WARNING * * *
You feel very sick.
You are no longer berserk.
You are exhausted.
You feel yourself slow down.
* * * LOW HITPOINT WARNING * * *
You feel very sick.
It was a potion of attraction.
You feel attractive to monsters.
You die...

#.....# #.####..# #######
#.......# ### ######.##
..# #.# #.# #.# #.#
#.####### #####.#
#.##.....
#.....########.##.....
... # ##@#P⌠P?##........#
..# #.
#..#....8##.......# #.#
.###.##.W#......#..#.####
#.#
........W'.....)#.##.....
#.#
####.....R.....8#.#######
#.# ##.#..'.....$#.# #.#
#.....#......#+# ##.#####
#..#..#....8##..##
#.>....#
#..##.#P⌠P[##....##


You could see the friendly Xochitl the ancestor, Phaedo's ghost and xelsha's
ghost (ally target).

Vanquished Creatures
  The ghost of Zleub the Fighter, a novice HOFi (D:5)
  Grinder (D:4)
  An ogre (D:5)
  A centaur (D:4)
  3 scorpions
  A howler monkey (D:5)
  3 hounds
  3 jellies
  Crazy Yiuf (D:4)
  2 sleepcaps
  An iguana (D:5)
  An orc wizard (D:5)
  4 adders
  8 gnolls
  4 dart slugs
  5 orcs
  9 ball pythons
  7 bats
  5 endoplasms
  2 giant cockroaches
  21 hobgoblins
  3 jackals (D:1)
  2 quokkas
  5 frilled lizards
  40 goblins
  10 kobolds
  3 rats
147 creatures vanquished.

Vanquished Creatures (collateral kills)
  A sleepcap (D:5)
1 creature vanquished.

Vanquished Creatures (others)
  An ancestor (D:5)
  5 fungi (D:4)
  2 plants (D:3)
8 creatures vanquished.

Grand Total: 156 creatures vanquished

Notes
Turn   | Place    | Note
-------+----------+-------------------------------------------
     0 | D:1      | ardi the Human Fighter began the quest for the Orb.
     0 | D:1      | Reached XP level 1. HP: 18/18 MP: 1/1
    64 | D:1      | Reached XP level 2. HP: 17/24 MP: 2/2
    84 | D:1      | Reached XP level 3. HP: 24/29 MP: 3/3
   176 | D:1      | Found a faded altar of an unknown god.
   192 | D:1      | Prayed at the altar of an unknown god.
   192 | D:1      | Became a worshipper of Elyvilon the Healer
   192 | D:1      | Reached * piety under Elyvilon
   702 | D:1      | Reached ** piety under Elyvilon
  1118 | D:2      | Found Zydoli's Vocational Training.
  1251 | D:2      | Found Ugosoffo's Book Boutique.
  1302 | D:2      | Reached skill level 1 in Invocations
  1302 | D:2      | Reached XP level 4. HP: 31/35 MP: 4/4
  1714 | D:2      | Reached *** piety under Elyvilon
  1850 | D:2      | Identified the ring of Man Jyt {Ice rPois Str+6 Int-4
                  | Dex+3}
  2254 | D:3      | Reached **** piety under Elyvilon
  2318 | D:3      | Reached skill level 1 in Ranged Weapons
  2318 | D:3      | Reached XP level 5. HP: 41/41 MP: 5/5
  2777 | D:4      | Noticed a centaur
  2842 | D:4      | Found a staircase to the Ecumenical Temple.
  2851 | Temple   | Entered the Ecumenical Temple
  2862 | D:4      | Reached skill level 2 in Ranged Weapons
  2883 | D:4      | Reached skill level 3 in Ranged Weapons
  2883 | D:4      | Reached XP level 6. HP: 47/47 MP: 6/6
  2993 | D:4      | Noticed Grinder
  3085 | D:4      | Paralysed by Grinder for 2 turns
  3100 | D:4      | Paralysed by Grinder for 3 turns
  3487 | Temple   | Fell from the grace of Elyvilon
  3487 | Temple   | Became a worshipper of Hepliaklqana the Forgotten
  3516 | D:4      | Gained mutation: You sometimes lose your temper in combat.
                  | [potion of mutation]
  3516 | D:4      | Gained mutation: You have sharp toenails. [potion of
                  | mutation]
  3516 | D:4      | Gained mutation: You have a pair of small antennae on your
                  | head. [potion of mutation]
  3526 | D:4      | Reached XP level 7. HP: 16/53 MP: 7/7
  3533 | D:4      | Paralysed by Grinder for 5 turns
  3540 | D:4      | Killed Grinder
  3541 | D:4      | Reached skill level 4 in Ranged Weapons
  3541 | D:4      | Reached skill level 1 in Dodging
  4284 | D:4      | Reached skill level 5 in Ranged Weapons
  4410 | D:4      | Reached XP level 8. HP: 60/60 MP: 8/8
  4945 | D:4      | Found a runed translucent door.
  4946 | D:4      | Noticed Crazy Yiuf
  4987 | D:4      | Killed Crazy Yiuf
  4988 | D:4      | Reached skill level 6 in Ranged Weapons
  4997 | D:4      | Identified the +6 hammer "Dewn" {speed, *Slow rF+ rC+ rN++}
  5096 | D:5      | Entered Level 5 of the Dungeon
  5279 | D:5      | Reached * piety under Hepliaklqana
  5432 | D:5      | Learned a level 3 spell: Call Canine Familiar
  5546 | D:5      | Identified a scroll of acquirement
  5546 | D:5      | Acquired the +0 hat of the Little Devil {Int+2}
  5798 | D:5      | Found a runed translucent gate.
  5799 | D:5      | Found a runed translucent gate.
  5799 | D:5      | Found a runed translucent gate.
  5800 | D:5      | Identified the +4 war axe "Transmigrator" {heavy, rPois
                  | rN+}
  5800 | D:5      | Noticed Phaedo's ghost (novice AtWr)
  5800 | D:5      | Noticed xelsha's ghost (novice OpEE)
  5802 | D:5      | Noticed Zleub's ghost (novice HOFi)
  5818 | D:5      | Killed Zleub's ghost
  5819 | D:5      | Reached skill level 5 in Fighting
  5819 | D:5      | Reached skill level 7 in Ranged Weapons
  5819 | D:5      | Reached skill level 5 in Armour
  5819 | D:5      | Reached skill level 1 in Stealth
  5819 | D:5      | Reached XP level 9. HP: 43/61 MP: 9/9
  5823 | D:5      | HP: 3/61 [poisoned by Phaedo's ghost]
  5824 | D:5      | Succumbed to Phaedo's ghost's poison

Illustrated notes

Levels and vault maps discovered:
D:1:      shiori_arrival_elements, layout_basic, ebering_ecumenical_altar_webs
D:2:      cheibrodos_helix_gallery, layout_basic, serial_shops,
          nicolae_shop_tiny_statue_garden, nicolae_shop_vocational
D:3:      layout_loops_corners, serial_bayou, serial_bayou_pond_c,
          serial_bayou_pond_e, serial_bayou_pond_d, serial_bayou_ford_a,
          minmay_bisected
D:4:      minmay_goblin_kobold_castle, layout_rooms, minmay_temple_entry_tees,
          uniq_crazy_yiuf_cottage, uniq_grinder
D:5:      layout_loops_corners, gammafunk_ghost_cemetery
Temple:   eino_temple_scatter_basement

Skill      XL: |  1  2  3  4  5  6  7  8 |
---------------+-------------------------+-----
Invocations    | 1 |  1.0
Long Blades    | 3 |  3.0
Ranged Weapons | 1 3 5 7 |  7.1
Armour         | 4 5 |  5.3
Fighting       | 4 5 |  5.0
Dodging        | 1 |  1.4
Maces & Flails | 3 |  3.3
Stealth        | 1 |  1.1
Shields        | |  3.8
Evocations     | |  0.3

Action                     |  1- 3 |  4- 6 |  7- 9 || total
---------------------------+-------+-------+-------++-------
  Melee: Long sword        |    94 |       |       ||    94
         Flail             |       |       |    41 ||    41
         Kick              |       |       |    12 ||    12
   Fire: Sling             |    13 |    95 |   222 ||   330
 Invoke: Heal Other        |     1 |       |       ||     1
  Evoke: Wand              |       |       |     2 ||     2
    Use: Potion            |       |     6 |     1 ||     7
         Scroll            |       |       |     9 ||     9
   Stab: Distracted        |       |       |     1 ||     1
 Armour: Scale mail        |    50 |    41 |    86 ||   177
         Skin              |       |     1 |    10 ||    11
  Dodge: Dodged            |    41 |    63 |   175 ||   279
  Block: Buckler           |    29 |    23 |    58 ||   110
